 Seeded DCSS version 0.28.0-43-g3370ac3207 (webtiles) character file.

Game seed: 3508105504523622672 (custom seed)

1952 Woods the Insei (level 9, -5/55 (67) HPs)
             Began as a Gnoll Transmuter on Mar 31, 2022.
             Slain by a wight
             ... wielding a +3 great sword
              (9 damage)
             ... on level 6 of the Dungeon.
             The game lasted 00:10:36 (9479 turns).

Woods the Insei (Gnoll Transmuter)                  Turns: 9479, Time: 00:10:37

HP:   -5/55 (67)    AC:  6    Str: 12    XL:     9   Next: 18%
MP:   18/18         EV: 14    Int: 17    God:
Gold: 216           SH:  0    Dex: 13    Spells: 15/21 levels left

rFire   . . .      SeeInvis .   m - +0 demon whip
rCold   . . .      Faith    .   (no shield)
rNeg    . . .      Spirit   .   a - +0 robe
rPois   .          Reflect  .   (no helmet)
rElec   .          Harm     .   k - +0 cloak
rCorr   .          Rampage  .   e - +1 pair of gloves of Dramatic Exits {Str+3}
Will    .....                   d - +0 pair of boots
Stlth   ++........              (no amulet)
HPRegen 0.18/turn               (no ring)
MPRegen 0.16/turn               (no ring)

@: heavily drained
A: fangs 1, strong nose, distributed training
a: no special abilities


You were on level 6 of the Dungeon.
You visited 1 branch of the dungeon, and saw 6 of its levels.

You collected 240 gold pieces.
You spent 24 gold pieces at shops.

Inventory:

Hand Weapons
 m - a +0 demon whip (weapon)
Armour
 a - a +0 robe (worn)
 d - a +0 pair of boots (worn)
 e - the +1 pair of gloves of Dramatic Exits (worn) {Str+3}
   (You acquired it on level 1 of the Dungeon)

   Str:       It affects your strength (+3).
 h - the +0 ring mail of Servitude {Rampage +Blink Fly Regen+}
   (You found it on level 3 of the Dungeon)

   Fly:       It grants you flight.
   +Blink:    It lets you blink.
   Regen:     It increases your rate of health regeneration.
   Rampage:   It bestows one free step when moving towards enemies.
 k - a +0 cloak (worn)
Wands
 l - a wand of paralysis (3)
 w - a wand of polymorph (6)
Scrolls
 f - 3 scrolls of immolation
 i - 3 scrolls of magic mapping
 n - 4 scrolls of identify
 p - a scroll of brand weapon {unknown}
 r - a scroll of torment {unknown}
 s - a scroll of fear {unknown}
 u - a scroll of vulnerability {unknown}
 v - a scroll of teleportation {unknown}
Potions
 b - 2 potions of curing {unknown}
 c - a potion of flight {unknown}
 g - 2 potions of lignification
 j - 2 potions of might {unknown}
 o - a potion of invisibility {unknown}
 q - a potion of brilliance {unknown}
 t - a potion of heal wounds {unknown}


   Skills:
 + Level 4.8 Fighting
 + Level 4.0 Short Blades
 + Level 4.0 Long Blades
 + Level 4.0 Axes
 + Level 4.0 Maces & Flails
 + Level 4.0 Polearms
 + Level 4.0 Staves
 + Level 4.0 Slings
 + Level 4.0 Bows
 + Level 4.0 Crossbows
 + Level 4.0 Throwing
 + Level 4.0 Armour
 + Level 6.1 Dodging
 + Level 4.0 Stealth
 + Level 4.0 Shields
 + Level 7.7 Unarmed Combat
 + Level 6.5 Spellcasting
 + Level 3.3 Conjurations
 + Level 3.3 Hexes
 + Level 3.3 Summonings
 + Level 3.3 Necromancy
 + Level 3.3 Translocations
 + Level 5.1 Transmutations
 + Level 3.3 Fire Magic
 + Level 3.3 Ice Magic
 + Level 3.3 Air Magic
 + Level 3.3 Earth Magic
 + Level 3.3 Poison Magic
 + Level 4.4 Invocations
 + Level 4.0 Evocations


You had 15 spell levels left.
You knew the following spells:

 Your Spells              Type           Power      Damage    Failure   Level
a - Beastly Appendage     Tmut           44%        N/A       1%          1
b - Wereblood             Tmut           22%        N/A       2%          2
c - Spider Form           Tmut/Pois      19%        N/A       6%          3

Your spell library contained the following spells:

 Spells                   Type           Power      Damage    Failure   Level
 Shock                    Conj/Air       64%        1d7       3%          1
 Swiftness                Air            16%        N/A       10%         3
 Ice Form                 Ice/Tmut       19%        N/A       22%         4
 Airstrike                Air            8%         N/A       30%         4
 Summon Lightning Spire   Summ/Air       16%        N/A       30%         4
 Lightning Bolt           Conj/Air       8%         1d20      65%         5


Dungeon Overview and Level Annotations

Branches:
Dungeon (6/15)
 Temple: D:4-7

Altars:
Makhleb
Beogh

Shops:
D:1 *

Annotations:
D:4 3 runed translucent doors, pkoi's ghost, amateur DgGl


Innate Abilities, Weirdness & Mutations

You have very sharp teeth.
Your uncanny sense of smell can sniff out nearby items.
Your experience applies equally to all skills.


Message History

The wight is moderately damaged.
The wight misses you.
You hit the wight.
The wight is heavily damaged.
The wight hits you with a +3 great sword.
You feel drained.
You hit the wight but do no damage.
The wight is heavily damaged.
The wight hits you with a +3 great sword!!
You feel drained.
You closely miss the wight.
The wight is heavily damaged.
The wight barely misses you.
You hit the wight but do no damage. You bite the wight, but do no damage.
The wight is heavily damaged.
You closely miss the wight. You bite the wight, but do no damage.
The wight is heavily damaged.
The wight barely misses you.
You barely miss the wight.
The wight is heavily damaged.
The wight barely misses you.
You hit the wight.
The wight is heavily damaged.
The wight barely misses you.
You hit the wight but do no damage.
The wight is heavily damaged.
The wight hits you with a +3 great sword!
* * * LOW HITPOINT WARNING * * *
You closely miss the wight.
The wight is heavily damaged.
The wight misses you.
You closely miss the wight.
The wight is heavily damaged.
The wight hits you with a +3 great sword!
* * * LOW HITPOINT WARNING * * *
You feel drained.
* * * LOW HITPOINT WARNING * * *
There is a stone staircase leading up here.
The wight hits you with a +3 great sword!
You die...

#.####.#.........#.# #.#
#.#####.##.##.# #.####.#
#.##.##.# #......##
#.(.z...# ##......#
####.#### #.####.# #.#
#.# #.# #)# #
#.####.#######.#########
#.#...z@.)..##..........
#.#.##.####.##..########
#.#.##..........## #
#.#.##..###......#
#.......# #.#...##
###.###.# #.##..#
#.###.###.....#
##...#........## ##
#..#..#######'## #.


You could see a wight.

Vanquished Creatures
  Sigmund (D:4)
  Eustachio (D:4)
  2 water moccasins
  A black bear (D:4)
  An ogre (D:6)
  A necrophage (D:6)
  2 phantoms
  A scorpion (D:5)
  A wyvern zombie (D:6)
  A water moccasin skeleton (D:4)
  2 wights (D:6)
  2 centaur zombies (D:5)
  A hound (D:5)
  2 jellies (D:6)
  An orc priest (D:3)
  2 iguanas
  A bullfrog skeleton (D:4)
  Ijyb (D:3)
  Natasha (thrice) (D:3)
  3 orc wizards (D:6)
  12 gnolls
  13 adders
  An ufetubus (D:5)
  An adder zombie (D:5)
  3 worms
  2 dart slugs
  13 orcs
  3 endoplasms
  5 giant cockroaches
  3 goblins
  2 hobgoblins
  3 jackals (D:4)
  4 kobolds
  4 ball pythons
  5 bats
  4 frilled lizards
  6 rats
114 creatures vanquished.

Vanquished Creatures (others)
  A wight (D:6)
  2 plants (D:6)
3 creatures vanquished.

Grand Total: 117 creatures vanquished

Notes
Turn   | Place    | Note
-------+----------+-------------------------------------------
     0 | D:1      | Woods the Gnoll Transmuter began the quest for the Orb.
     0 | D:1      | Reached XP level 1. HP: 17/17 MP: 6/6
   431 | D:1      | Reached XP level 2. HP: 23/23 MP: 5/7
   487 | D:1      | Learned a level 2 spell: Wereblood
   715 | D:1      | Found Myfat Jadgh's General Store.
   727 | D:1      | Bought a scroll of identify for 24 gold pieces
   857 | D:1      | Identified a scroll of acquirement
   858 | D:1      | Acquired the +1 pair of gloves of Dramatic Exits {Str+3}
   899 | D:2      | Found a faded altar of an unknown god.
   973 | D:2      | Reached XP level 3. HP: 21/28 MP: 7/9
  1173 | D:2      | Reached skill level 5 in Spellcasting
  1297 | D:2      | Found a burning altar of Makhleb.
  1515 | D:2      | Reached skill level 1 in Invocations
  1588 | D:2      | Reached skill level 1 in Short Blades
  1588 | D:2      | Reached skill level 1 in Long Blades
  1588 | D:2      | Reached skill level 1 in Axes
  1588 | D:2      | Reached skill level 1 in Maces & Flails
  1588 | D:2      | Reached skill level 1 in Polearms
  1588 | D:2      | Reached skill level 1 in Staves
  1588 | D:2      | Reached skill level 1 in Slings
  1588 | D:2      | Reached skill level 1 in Bows
  1588 | D:2      | Reached skill level 1 in Crossbows
  1588 | D:2      | Reached skill level 1 in Throwing
  1588 | D:2      | Reached skill level 1 in Armour
  1588 | D:2      | Reached skill level 1 in Stealth
  1588 | D:2      | Reached skill level 1 in Shields
  1588 | D:2      | Reached skill level 1 in Evocations
  1697 | D:3      | Noticed Natasha
  1743 | D:2      | Learned a level 3 spell: Spider Form
  1829 | D:3      | Reached XP level 4. HP: 34/34 MP: 9/11
  2144 | D:3      | Reached skill level 1 in Conjurations
  2144 | D:3      | Reached skill level 1 in Hexes
  2144 | D:3      | Reached skill level 1 in Summonings
  2144 | D:3      | Reached skill level 1 in Necromancy
  2144 | D:3      | Reached skill level 1 in Translocations
  2144 | D:3      | Reached skill level 1 in Fire Magic
  2144 | D:3      | Reached skill level 1 in Ice Magic
  2144 | D:3      | Reached skill level 1 in Air Magic
  2144 | D:3      | Reached skill level 1 in Earth Magic
  2144 | D:3      | Reached skill level 1 in Poison Magic
  2234 | D:3      | Killed Natasha
  2235 | D:3      | Reached XP level 5. HP: 35/40 MP: 8/12
  2291 | D:3      | Noticed Ijyb
  2304 | D:3      | Killed Ijyb
  2310 | D:3      | Identified the +0 ring mail of Servitude {Rampage +Blink
                  | Fly Regen+}
  2522 | D:3      | Noticed Natasha
  2527 | D:3      | Killed Natasha
  2536 | D:3      | Noticed Natasha
  2542 | D:3      | Killed Natasha
  2883 | D:3      | Reached XP level 6. HP: 47/47 MP: 9/13
  3227 | D:4      | Noticed Eustachio
  3241 | D:4      | Killed Eustachio
  3242 | D:4      | Reached skill level 5 in Dodging
  3299 | D:4      | Reached XP level 7. HP: 52/52 MP: 12/15
  3467 | D:4      | Noticed Sigmund
  3474 | D:4      | Killed Sigmund
  3475 | D:4      | Reached skill level 7 in Unarmed Combat
  3654 | D:4      | Identified the +4 falchion of Upheaval {vorpal, rElec SInv}
  3763 | D:4      | Found a runed translucent gate.
  3765 | D:4      | Found a runed translucent gate.
  3766 | D:4      | Found a runed translucent gate.
  3767 | D:4      | Noticed pkoi's ghost (amateur DgGl)
  3769 | D:4      | Identified the +4 dagger "Juyrex" {freeze, *Corrode rPois
                  | Int+4 SInv}
  4370 | D:5      | Entered Level 5 of the Dungeon
  4471 | D:5      | Reached XP level 8. HP: 60/60 MP: 12/16
  4939 | D:5      | HP: 4/90 [poisoned by a scorpion]
  8026 | D:6      | Reached skill level 5 in Transmutations
  8026 | D:6      | Reached XP level 9. HP: 33/66 MP: 18/18
  9479 | D:6      | Slain by a wight

Illustrated notes

Levels and vault maps discovered:
D:1:      saegor_arrival_simple_a, layout_loops_corners, serial_shops, shop
D:2:      layout_basic, basic_altar, hellmonk_ecumenical_altar_slurped_away,
          grunt_ministairs_3
D:3:      layout_basic, serial_park_tiny_1, uniq_natasha, uniq_ijyb
D:4:      layout_loops_ring, biasface_ghost_orc_armoury, uniq_eustachio,
          uniq_sigmund
D:5:      layout_loops_ring, wad_rectangle_vault
D:6:      layout_loops_corners, serial_bayou_pond_d,
          chequers_serial_rivers_micro_d, uniq_crazy_yiuf_cottage

Skill      XL: |  1  2  3  4  5  6  7  8  9 |
---------------+----------------------------+-----
Spellcasting   | 5 6 |  6.5
Invocations    | 1 2 3 4 |  4.4
Short Blades   | 1 2 3 4 |  4.0
Long Blades    | 1 2 3 4 |  4.0
Axes           | 1 2 3 4 |  4.0
Maces & Flails | 1 2 3 4 |  4.0
Polearms       | 1 2 3 4 |  4.0
Staves         | 1 2 3 4 |  4.0
Slings         | 1 2 3 4 |  4.0
Bows           | 1 2 3 4 |  4.0
Crossbows      | 1 2 3 4 |  4.0
Throwing       | 1 2 3 4 |  4.0
Armour         | 1 2 3 4 |  4.0
Stealth        | 1 2 3 4 |  4.0
Shields        | 1 2 3 4 |  4.0
Evocations     | 1 2 3 4 |  4.0
Conjurations   | 1 2 3 |  3.3
Hexes          | 1 2 3 |  3.3
Summonings     | 1 2 3 |  3.3
Necromancy     | 1 2 3 |  3.3
Translocations | 1 2 3 |  3.3
Fire Magic     | 1 2 3 |  3.3
Ice Magic      | 1 2 3 |  3.3
Air Magic      | 1 2 3 |  3.3
Earth Magic    | 1 2 3 |  3.3
Poison Magic   | 1 2 3 |  3.3
Fighting       | 3 4 |  4.8
Transmutations | 4 5 |  5.1
Dodging        | 5 6 |  6.1
Unarmed Combat | 7 |  7.7

Action                   |  1- 3 |  4- 6 |  7- 9 || total
-------------------------+-------+-------+-------++-------
Melee: Unarmed           |    57 |    62 |    86 ||   205
       Kick              |     8 |     5 |       ||    13
       Headbutt          |     6 |     2 |       ||     8
       Bite              |     7 |       |    31 ||    38
       Punch             |     1 |     2 |    18 ||    21
       Demon whip        |       |    16 |   210 ||   226
 Cast: Beastly Appendage |    19 |     7 |       ||    26
       Spider Form       |       |     8 |    15 ||    23
       Wereblood         |       |     1 |       ||     1
 Abil: End Transformatio |       |       |     6 ||     6
  Use: Scroll            |     2 |     2 |     1 ||     5
       Potion            |       |       |     1 ||     1
 Stab: Sleeping          |       |       |     4 ||     4
Armor: Robe              |    23 |    14 |    55 ||    92
       Skin              |       |     1 |     4 ||     5
Dodge: Dodged            |    25 |    50 |   221 ||   296
